 Dungeon Crawl Stone Soup version 0.29.1-12-g30fa7ad0bf (webtiles) character file.

Game seed: 4527709604620208098

128 wormed the Covered (level 5, -1/33 HPs)
             Began as a Gargoyle Fighter on Dec 21, 2022.
             Killed from afar by Sigmund (7 damage)
             ... with a magic dart
             ... on level 1 of the Dungeon.
             The game lasted 00:03:55 (2388 turns).

wormed the Covered (Gargoyle Fighter)               Turns: 2388, Time: 00:03:56

Health: -1/33      AC: 12    Str: 22    XL:     5   Next: 12%
Magic:  5/5        EV:  9    Int:  8    God:
Gold:   89         SH:  4    Dex:  9    Spells: 4/4 levels left

rFire   . . .      SeeInvis .   a - +0 flail (vamp)
rCold   . . .      Faith    .   c - +0 buckler
rNeg    + . .      Spirit   .   b - +0 scale mail
rPois   ∞          Reflect  .   (no helmet)
rElec   +          Harm     .   (no cloak)
rCorr   .          Rampage  .   m - +0 pair of gloves
Will    .....                   (no boots)
Stlth   ..........              (no amulet)
HPRegen 0.11/turn               (no ring)
MPRegen 0.09/turn               (no ring)

@: mighty
A: sickness immunity, AC +4, negative energy resistance 1, electricity
resistance, torment resistance 1, petrification resistance
a: no special abilities


You were on level 1 of the Dungeon.
You visited 1 branch of the dungeon, and saw 2 of its levels.

You collected 89 gold pieces.

Inventory:

Hand Weapons
 a - a +0 vampiric flail (weapon)
Armour
 b - a +0 scale mail (worn)
 c - a +0 buckler (worn)
 m - a +0 pair of gloves (worn)
Scrolls
 f - a scroll of blinking
 j - 4 scrolls of identify {unknown}
 k - 2 scrolls of teleportation {unknown}
Potions
 e - a potion of lignification {unknown}
 g - 3 potions of curing {unknown}
 h - a potion of magic {unknown}
 i - a potion of attraction {unknown}
 l - a potion of haste {unknown}


   Skills:
 + Level 4.0 Fighting
 * Level 3.5 Maces & Flails
 + Level 4.1 Armour
 + Level 4.0 Shields


You had 4 spell levels left.
You didn't know any spells.
Your spell library was empty.

Dungeon Overview and Level Annotations

Branches:
Dungeon (2/15)

Altars:

Annotations:
D:1 Sigmund
D:2 Robin


Innate Abilities, Weirdness & Mutations

You are immune to sickness and miasma.
Your stone body is resilient. (AC +4)
You are immune to poison.
You resist negative energy. (rN+)
You are resistant to electric shocks. (rElec)
You are resistant to unholy torment.
You are immune to petrification.


Message History

Sigmund flickers and vanishes!
Deactivating autopickup; reactivate with Ctrl-A.
You block something's attack.
There is a stone staircase leading up here.
You climb upwards.
Reactivating autopickup.
There is a stone staircase leading down here.
Something hits you but does no damage.
Deactivating autopickup; reactivate with Ctrl-A.
You see here a hobgoblin corpse.
You hear some strange, mumbled words.
A puff of flame appears from out of thin air!
The puff of flame hits you.
You see here a hobgoblin corpse.
You barely miss something. Something hits you but does no damage.
You barely miss something.
You hear some strange, mumbled words.
A puff of flame appears from out of thin air!
The puff of flame hits you!
You miss something.
You hear some strange, mumbled words.
A magic dart appears from out of thin air!
The magic dart hits you.
You completely miss something. Something hits you!
* * * LOW HITPOINT WARNING * * *
x2 You miss something.
Something hits you but does no damage.
You miss something. You block something's attack.
You feel very mighty all of a sudden.
You miss something.
You hear some strange, mumbled words.
A puff of flame appears from out of thin air!
The puff of flame misses you.
Blink to where?
Press: ? - help, Dir - move target
As you read the scroll of blinking, it crumbles to dust.
A magic dart appears from out of thin air!
The magic dart hits you but does no damage.
A magic dart appears from out of thin air!
The magic dart hits you!
You die...

##### ....# ###.###
###### ......# ##....#
###.#.###...#.#
###.#.##......##########
....#...........@......#
##########.##.########{#
....# #.##.# #.# ....#
#.##.# #.# ###.# ##....#
#.# # #.#
##...##########{# ###.#
##.....###.>{....#
....###>......##.###.#.#
..#.##.........#.##....#


There were no monsters in sight!

Vanquished Creatures
  Natasha (twice) (D:2)
  2 adders (D:2)
  A gnoll (D:1)
  2 dart slugs (D:2)
  3 ball pythons
  2 endoplasms (D:1)
  2 giant cockroaches (D:1)
  6 hobgoblins
  3 jackals (D:1)
  2 kobolds
  2 quokkas (D:2)
  4 bats
  2 frilled lizards
  10 goblins (D:2)
  4 rats
47 creatures vanquished.

Notes
Turn   | Place    | Note
-------+----------+-------------------------------------------
     0 | D:1      | wormed the Gargoyle Fighter began the quest for the Orb.
     0 | D:1      | Reached XP level 1. HP: 14/14 MP: 1/1
    34 | D:1      | Reached XP level 2. HP: 12/19 MP: 2/2
   805 | D:1      | Reached XP level 3. HP: 19/23 MP: 3/3
  1400 | D:2      | Noticed Natasha
  1407 | D:2      | Killed Natasha
  1456 | D:2      | Noticed Natasha
  1472 | D:2      | Killed Natasha
  1473 | D:2      | Reached XP level 4. HP: 26/29 MP: 4/4
  1678 | D:2      | Reached XP level 5. HP: 33/33 MP: 5/5
  1701 | D:2      | Noticed Robin
  1704 | D:2      | Noticed Sigmund
  2388 | D:1      | Killed from afar by Sigmund

Illustrated notes

Levels and vault maps discovered:
D:1:      psy_arrival_conway, layout_loops_corners, minmay_misc_feat_plants
D:2:      layout_basic, minmay_guardbox, uniq_natasha, uniq_sigmund, uniq_robin

Skill      XL: |  1  2  3  4 |
---------------+-------------+-----
Maces & Flails | 3 |  3.5
Armour         | 4 |  4.1
Shields        | 4 |  4.0
Fighting       | 4 |  4.0

Action                   |  1- 3 |  4- 6 || total
-------------------------+-------+-------++-------
Melee: Flail             |    88 |   102 ||   190
  Use: Scroll            |     3 |     2 ||     5
       Potion            |       |     1 ||     1
Armor: Scale mail        |    34 |    76 ||   110
Dodge: Dodged            |    42 |    39 ||    81
Block: Buckler           |    21 |    32 ||    53
